 Dungeon Crawl Stone Soup version 0.19.3-4-gbf9329e (console) character file.

3034 Kloppie the Protected (level 9, -2/108 HPs)
             Began as a Demonspawn Berserker on Jan 28, 2017.
             Was a High Priest of Trog.
             Slain by a hornet (10 damage)
             ... on level 8 of the Dungeon.
             The game lasted 00:09:20 (7005 turns).

Kloppie the Protected (Demonspawn Berserker)        Turns: 7005, Time: 00:09:21

Health: -2/108     AC: 14    Str: 23    XL:     9   Next: 56%
Magic:  0/9        EV:  9    Int:  8    God:    Trog [*****.]
Gold:   449        SH:  0    Dex: 16    Spells: 0 memorised, 8 levels left

rFire  + . .     SeeInvis .     a - +1 war axe
rCold  . . .     Gourm    .     v - +0 chain mail
rNeg   + . .     Faith    .     (no shield)
rPois  .         Spirit   +     x - +0 helmet
rElec  .         Reflect  .     (no cloak)
rCorr  .         Harm     .     (gloves unavailable)
MR     ++...                    g - +1 pair of boots
Stlth  ..........               I - amulet of guardian spirit
                                o - ring of protection from fire
                                f - ring of positive energy

@: berserking, lethally poisoned (-2 -> -3), regenerating, slowed
A: claws 3, hooves 1, camouflage 1, demonic guardian 1, subdued magic 1
a: Berserk, Trog's Hand, Brothers in Arms, Burn Spellbooks, Renounce Religion


You were on level 8 of the Dungeon.
You worshipped Trog.
Trog was extremely pleased with you.
You were hungry.

You visited 1 branch of the dungeon, and saw 9 of its levels.
You also visited: Sewer.

You collected 449 gold pieces.

Inventory:

Hand Weapons
 a - a +1 war axe (weapon)
 L - a +0 hand axe
Armour
 g - a +1 pair of boots (worn)
 v - a +0 chain mail (worn)
 x - a +0 helmet (worn)
Jewellery
 b - an uncursed amulet of regeneration
 f - a ring of positive energy (left claw)
 o - a ring of protection from fire (right claw)
 y - an uncursed ring of see invisible {unknown}
 I - an amulet of guardian spirit (around neck)
Wands
 r - a wand of acid (15/15)
 w - a wand of iceblast (3/15)
 J - a wand of paralysis (14/24)
Scrolls
 h - 6 scrolls of teleportation
 k - 5 scrolls of remove curse
 l - 10 scrolls of identify
 n - 2 scrolls of magic mapping {unknown}
 p - a scroll of enchant weapon
 q - 3 scrolls of fear
 s - a scroll of fog
 t - a scroll of recharging
Potions
 e - 3 potions of invisibility
 m - 4 potions of lignification
 u - 2 potions of curing
 A - 3 potions of flight
 B - 2 potions of heal wounds
 C - a potion of magic {unknown}
Books
 j - a book of Changes

   Spells                             Type                      Level
   a - Beastly Appendage              Transmutation                1
   b - Sticks to Snakes               Transmutation                2
   c - Spider Form                    Transmutation/Poison         3
   d - Ice Form                       Ice/Transmutation            4
   e - Blade Hands                    Transmutation                5
   Trog disapproves of the use of such an item.
Comestibles
 c - 3 bread rations
 d - 3 beef jerkies
 i - 3 meat rations
 K - a slice of pizza


   Skills:
 * Level 7.4 Fighting
 + Level 7.6 Axes
 - Level 8.1 Armour
 - Level 1.7 Dodging


You had 8 spell levels left.
You didn't know any spells.

Dungeon Overview and Level Annotations

Branches:
Dungeon (9/15)             Temple (0/1) D:5
   Lair: D:8-11         Orc: D:9-12

Altars:
Fedhas

Annotations:
D:2 Crazy Yiuf


Innate Abilities, Weirdness & Mutations

You have claws for hands.
A weak demonic guardian rushes to your aid.
You have large cloven feet.
Your skin changes colour to match your surroundings (Stealth+).
Your spells are a little easier to cast, but a little less powerful.


Message History

The hornet is severely wounded.
You feel sick. The hornet stings you.
You feel as though you will be slow longer.
Your quasit bites the hornet but does no damage.
Your quasit claws the hornet but does no damage.
Your quasit barely misses the hornet.
The hornet stings you but does no damage.
You closely miss the hornet.
The hornet is severely wounded.
You feel sick.
Your quasit bites the hornet but does no damage.
Your quasit claws the hornet but does no damage. x2
The hornet misses your quasit.
Your quasit bites the hornet but does no damage.
Your quasit misses the hornet. x2
You miss the hornet.
The hornet is severely wounded.
Your quasit disappears in a puff of smoke!
You feel sick. The hornet stings you!
You die...

..# ..#.#..###.###.....
...#.#...#...........###
.....#..#.......####.#
##......#....#### #.#
......#....## #.#
##....#...## #.#
....$......#########.#
#...##.#..........##.###
#...@...######...<...
#...%y...## ###.####
........### #.#
........# #.# ......###
#.#### ###### #.....
######


You could see a hornet.

Vanquished Creatures
  Pikel (D:5)
  A centaur zombie (D:8)
  A hippogriff (D:7)
  Sigmund (D:5)
  A hungry ghost (D:7)
  Purgy (Sewer)
  2 phantoms
  2 slaves (D:5)
  An orc warrior (D:7)
  An ogre (D:8)
  2 centaurs
  Blork the orc (D:5)
  A scorpion (D:8)
  A howler monkey (D:7)
  A crimson imp (D:6)
  2 bullfrog skeletons
  An orc priest (D:7)
  3 orc wizards
  3 worker ants
  3 iguanas (D:7)
  A worker ant zombie (D:5)
  A howler monkey zombie (D:6)
  14 gnolls
  9 adders
  A howler monkey skeleton (D:5)
  A river rat (D:4)
  A shadow imp (D:8)
  2 oozes (D:4)
  5 worms
  2 dart slugs (D:1)
  3 leopard geckos
  29 orcs
  9 bats
  10 giant cockroaches
  5 goblins
  3 hobgoblins
  13 jackals
  5 quokkas
  4 ball pythons
  6 frilled lizards
  4 kobolds (D:1)
  A quokka skeleton (D:6)
  9 rats
168 creatures vanquished.

Vanquished Creatures (collateral kills)
  4 ogres
  A bullfrog (D:3)
  An iguana (D:7)
  A worker ant (D:7)
  2 orcs (D:7)
  2 frilled lizards
11 creatures vanquished.

Vanquished Creatures (others)
  A crimson imp (D:5)
1 creature vanquished.

Grand Total: 180 creatures vanquished

Notes
Turn   | Place    | Note
-------+----------+-------------------------------------------
     0 | D:1      | Kloppie the Demonspawn Berserker began the quest for the Orb.
     0 | D:1      | Reached XP level 1. HP: 18/18 MP: 1/1
   330 | D:1      | Gained mutation: A weak demonic guardian rushes to your aid. [demonic ancestry]
   330 | D:1      | Reached XP level 2. HP: 13/24 MP: 2/2
   736 | D:1      | Gained mutation: You have sharp fingernails. [demonic ancestry]
   736 | D:1      | Reached XP level 3. HP: 29/30 MP: 3/3
   898 | D:1      | Reached ** piety under Trog
  1616 | D:2      | Gained mutation: You have very sharp fingernails. [demonic ancestry]
  1616 | D:2      | Reached XP level 4. HP: 30/38 MP: 4/4
  2192 | D:2      | Found a runed door.
  2294 | D:2      | Noticed Crazy Yiuf
  2570 | D:2      | Gained mutation: You have claws for hands. [demonic ancestry]
  2570 | D:2      | Reached XP level 5. HP: 40/43 MP: 5/5
  2839 | D:3      | Reached skill level 5 in Fighting
  3360 | D:4      | Noticed an ogre
  3368 | D:4      | Killed an ogre
  3368 | D:4      | Reached XP level 6. HP: 52/52 MP: 6/6
  3370 | D:4      | Reached *** piety under Trog
  3703 | D:4      | Found a glowing drain.
  3737 | Sewer    | Entered a sewer
  3772 | Sewer    | Noticed Purgy
  3783 | Sewer    | Killed Purgy
  3783 | Sewer    | Reached XP level 7. HP: 47/59 MP: 7/7
  4154 | D:5      | Entered Level 5 of the Dungeon
  4154 | D:5      | Noticed Pikel
  4156 | D:5      | Noticed Sigmund
  4160 | D:5      | Noticed Blork the orc
  4172 | D:5      | Killed Pikel
  4172 | D:5      | Reached skill level 5 in Axes
  4172 | D:5      | Reached skill level 4 in Armour
  4172 | D:5      | Reached XP level 8. HP: 37/65 MP: 8/8
  4366 | D:5      | Killed Sigmund
  4367 | D:5      | Killed Blork the orc
  4573 | D:5      | Found a staircase to the Ecumenical Temple.
  4581 | D:5      | Reached skill level 5 in Armour
  4587 | D:5      | Reached **** piety under Trog
  4866 | D:5      | Gained mutation: You have large cloven feet. [potion of mutation]
  4866 | D:5      | Gained mutation: Your spells are a little easier to cast, but a little less powerful. [potion of mutation]
  4866 | D:5      | Gained mutation: Your skin changes colour to match your surroundings (Stealth+). [potion of mutation]
  4953 | D:6      | Found a blossoming altar of Fedhas.
  5415 | D:7      | Reached skill level 6 in Armour
  5631 | D:7      | Noticed a hippogriff
  5643 | D:7      | Killed a hippogriff
  5672 | D:7      | Reached XP level 9. HP: 34/71 MP: 5/9
  5885 | D:7      | Reached ***** piety under Trog
  5899 | D:7      | Reached skill level 7 in Armour
  6387 | D:7      | You fall through a shaft for 2 floors!
  6513 | D:8      | Reached skill level 8 in Armour
  6991 | D:8      | Paralysed by a hornet for 2 turns
  6994 | D:8      | Paralysed by a hornet for 1 turns
  6997 | D:8      | Paralysed by a hornet for 3 turns
  7005 | D:8      | Slain by a hornet

Skill      XL: |  1  2  3  4  5  6  7  8  9 |
---------------+----------------------------+-----
Axes           | 3 4 5 6 7 |  7.6
Fighting       | 4 5 6 7 |  7.4
Armour         | 4 6 8 |  8.1
Dodging        | |  1.7

Action                   |  1- 3 |  4- 6 |  7- 9 || total
-------------------------+-------+-------+-------++-------
Melee: Hand axe          |   110 |   223 |    77 ||   410
       War axe           |       |       |   203 ||   203
Invok: Berserk           |     3 |     6 |     6 ||    15
       Trog's Hand       |       |       |     1 ||     1
  Use: Scroll            |       |       |    12 ||    12
       Potion            |       |       |    10 ||    10
 Stab: Distracted        |       |       |     1 ||     1
  Eat: Chunk             |     5 |     7 |    14 ||    26
       Meat ration       |       |     1 |     1 ||     2
Armor: Animal skin       |    34 |    16 |       ||    50
       Chain mail        |       |    78 |   202 ||   280
Dodge: Dodged            |    88 |   132 |   115 ||   335
